 Dungeon Crawl Stone Soup version 0.19-a0-1223-gf83d13a (webtiles) character file.

267 aronpayne the Skirmisher (level 6, -6/51 HPs)
             Began as a Formicid Fighter on Aug 24, 2016.
             Mangled by an ogre
             ... wielding a +0 giant club
              (19 damage)
             ... on level 4 of the Dungeon.
             The game lasted 00:10:04 (2634 turns).

aronpayne the Skirmisher (Formicid Fighter)         Turns: 2634, Time: 00:10:05

Health: -6/51      AC: 13    Str: 23    XL:     6   Next: 45%
Magic:  15/15      EV:  5    Int:  7    God:    Xom [..*...]
Gold:   86         SH:  9    Dex: 10    Spells: 0 memorised, 5 levels left

rFire  . . .     SeeInvis +     a - +0 long sword
rCold  . . .     Gourm    .     q - +0 plate armour
rNeg   . . .     Faith    .     c - +0 shield
rPois  .         Spirit   .     (helmet unavailable)
rElec  .         Dismiss  .     (no cloak)
rCorr  .         Reflect  .     l - +0 pair of gloves
MR     .....     Harm     .     (no boots)
Stlth  ..........               (no amulet)
                                (no ring)
                                o - ring of magical power

@: no status effects
A: permanent stasis, dig shafts and tunnels, four strong arms, antennae 3
a: Dig, Shaft Self, Renounce Religion


You were on level 4 of the Dungeon.
You worshipped Xom.
You were a toy of Xom.
You were not hungry.

You visited 1 branch of the dungeon, and saw 4 of its levels.

You collected 176 gold pieces.
You spent 90 gold pieces at shops.

Inventory:

Hand Weapons
 a - a +0 long sword (weapon)
Armour
 c - a +0 shield (worn)
 l - a +0 pair of gloves (worn)
 q - a +0 plate armour (worn)
Jewellery
 o - a ring of magical power (left hand)
Scrolls
 g - a scroll of fear {unknown}
 i - 4 scrolls of identify
 j - 4 scrolls of remove curse {unknown}
 k - 2 scrolls of fog {unknown}
 m - 2 scrolls of random uselessness {unknown}
 n - a scroll of teleportation {unknown}
 p - 2 scrolls of enchant weapon {unknown}
 r - a scroll of blinking {unknown}
 v - a scroll of immolation {unknown}
Potions
 e - 2 potions of curing
 h - 2 potions of lignification {unknown}
 s - a potion of flight {unknown}
 u - a potion of degeneration {unknown}
Comestibles
 b - a meat ration
 d - 5 chunks of flesh
 f - 2 bread rations
 t - a beef jerky


   Skills:
 * Level 5.5 Fighting
 + Level 3.1 Long Blades
 + Level 4.1 Armour
 + Level 1.5 Dodging
 + Level 4.3 Shields


You had 5 spell levels left.
You didn't know any spells.

Dungeon Overview and Level Annotations

Branches:
Dungeon (4/15)
 Temple: D:4-7

Altars:
Okawaru
Xom
Zin

Portals:
Sewer: D:4


Innate Abilities, Weirdness & Mutations

You are under a permanent stasis effect.
You can dig through walls and to a lower floor.
Your four strong arms can wield two-handed weapons with a shield.
You have a pair of large antennae on your head. (SInv)


Message History

Moving in this stuff is going to be slow.
The rat splashes around in the water. x2; The ogre hits you but does no damage.
The rat bites you but does no damage.
There is a glowing drain here.
Your shield and plate armour prevent you from hitting the ogre.
The rat bites you but does no damage. The ogre hits you with a giant club!!
Your plate armour prevents you from hitting the ogre.
You block the rat's attack. The ogre hits you with a giant club.
* * * LOW HITPOINT WARNING * * *
You are too injured to fight recklessly!
You feel better.
The rat splashes around in the water.
The ogre barely misses you.
You riposte.
You hit the ogre but do no damage.
You enter the shallow water.
Moving in this stuff is going to be slow.
The ogre hits you with a giant club!
* * * LOW HITPOINT WARNING * * *
Found 17 gold pieces.
The ogre hits you with a giant club!!
You die...
Xom snickers!

. #. #.....# ...
#.#.##.#.#.####.#
#...............#
.......#......<.#
................#
......#'#####...#
..... #†≈≈≈≈#...#
##.##.#≈≈Or≈#...#
#....#≈≈@≈≈#.....
#...#≈≈≈≈≈#...###
#....#######.(.#
#.#. { ... # #
.... $....
....... ......


You could see an ogre and a rat.

Vanquished Creatures
  A scorpion (D:3)
  4 gnolls (D:3)
  7 adders
  An ooze (D:1)
  3 worms
  4 giant geckos
  An orc (D:3)
  2 ball pythons
  9 bats
  18 giant cockroaches
  9 goblins
  8 hobgoblins
  9 jackals
  7 kobolds
  A quokka (D:3)
  3 giant newts
  6 rats
93 creatures vanquished.

Notes
Turn   | Place    | Note
-------+----------+-------------------------------------------
     0 | D:1      | aronpayne the Formicid Fighter began the quest for the Orb.
     0 | D:1      | Reached XP level 1. HP: 18/18 MP: 1/1
   201 | D:1      | Reached XP level 2. HP: 23/24 MP: 2/2
   433 | D:1      | Reached XP level 3. HP: 30/30 MP: 3/3
   595 | D:1      | Reached skill level 4 in Fighting
   754 | D:2      | Reached XP level 4. HP: 35/37 MP: 4/4
   773 | D:2      | Found a shimmering altar of Xom.
   811 | D:2      | Became a worshipper of Xom of Enforced Whimsey
  1037 | D:2      | XOM: harmless Fire miscast
  1072 | D:2      | Reached skill level 1 in Dodging
  1114 | D:2      | Reached XP level 5. HP: 43/43 MP: 5/5
  1120 | D:2      | Found Zin's Purification Station.
  1120 | D:2      | Found a glowing silver altar of Zin.
  1171 | D:2      | Bought a potion of curing for 90 gold pieces
  1600 | D:3      | Reached skill level 5 in Fighting
  1602 | D:3      | XOM: potion effect (agility)
  1607 | D:3      | Reached XP level 6. HP: 25/51 MP: 6/6
  1980 | D:3      | XOM: enchant monster (good)
  2262 | D:3      | Found an iron altar of Okawaru.
  2499 | D:3      | XOM: smoke on damage
  2505 | D:3      | XOM: mild Erth miscast
  2586 | D:3      | XOM: harmless Summ miscast
  2612 | D:4      | Found a glowing drain.
  2613 | D:4      | Noticed an ogre
  2634 | D:4      | Mangled by an ogre

Vault maps used:
D:1:      lightli_molten_gateway, serial_park_tiny_2
D:2:      minmay_roachtagon, zin_purify, old_standard_altar
D:3:      kennysheep_big_flooded_room, kennysheep_okawaru_gauntlet
D:4:      serial_co_window_serial, co_window_corner_a,
          co_window_of_opportunity_a, co_window_corner_a, co_window_paths_b,
          co_window_paths_b, co_window_broadway_c, co_window_unsneaky_path_d,
          co_window_corner_b, co_window_2corner, co_window_sun,
          co_window_paths_d, glass_columns_a, glass_columns_c, glass_columns_a,
          glass_columns_c, glass_columns_c, portal_sewer_entry_c

Skill      XL: |  1  2  3  4  5  6 |
---------------+-------------------+-----
Fighting       | 4 5 |  5.5
Dodging        | 1 |  1.5
Shields        | 4 |  4.3
Armour         | 4 |  4.1
Long Blades    | 3 |  3.1

Action                   |  1- 3 |  4- 6 || total
-------------------------+-------+-------++-------
Melee: Long sword        |   101 |   267 ||   368
  Use: Potion            |       |     2 ||     2
       Scroll            |       |     1 ||     1
  Eat: Chunk             |       |     6 ||     6
Armor: Scale mail        |    43 |    11 ||    54
       Plate armour      |       |   150 ||   150
Dodge: Dodged            |    30 |    62 ||    92
Block: Shield            |    52 |   148 ||   200
